 Dungeon Crawl Stone Soup version 0.19-a0-488-gf8766cc (webtiles) character file.

53 pennpaper the Ruffian (level 3, -7/31 HPs)
             Began as a Ghoul Monk on June 4, 2016.
             Mangled by a gnoll
             ... wielding a +0 spear
              (9 damage)
             ... on level 2 of the Dungeon.
             The game lasted 00:02:23 (1096 turns).

pennpaper the Ruffian (Ghoul Monk)                  Turns: 1096, Time: 00:02:24

Health: -7/31      AC:  2    Str: 12 (14) XL:     3   Next: 87%
Magic:  2/2        EV: 12    Int:  9 (11) God:
Gold:   96         SH:  0    Dex:  8 (11) Spells: 0 memorised, 2 levels left

rFire  . . .     SeeInvis .       - Unarmed
rCold  + . .     Gourm    .     a - +0 robe
rNeg   + + +     Faith    .     (no shield)
rPois  ∞         Spirit   .     (no helmet)
rElec  .         Dismiss  .     (no cloak)
rCorr  .         Reflect  .     (no gloves)
SustAt .         Harm     .     (no boots)
MR     .....                    q - amulet of magic regeneration
Stlth  ++........               (no ring)
                                (no ring)

@: brilliant, rotting, not resistant to hostile enchantments, unstealthy
A: rotting body, claws 1, carnivore 3, cold resistance 1, negative energy
resistance 3, slow regeneration 1, torment resistance, unbreathing
a: no special abilities


You were on level 2 of the Dungeon.
You were not hungry.

You visited 1 branch of the dungeon, and saw 2 of its levels.

You collected 96 gold pieces.

Inventory:

Missiles
 k - 6 needles of confusion
Armour
 a - a +0 robe (worn)
Jewellery
 q - an amulet of magic regeneration (around neck)
Scrolls
 c - 2 scrolls of identify {unknown}
 d - 2 scrolls of fog {unknown}
 i - 2 scrolls of teleportation {unknown}
 l - 3 scrolls of remove curse {unknown}
Potions
 e - a potion of might {unknown}
 g - 2 potions of degeneration
 h - a potion of flight {unknown}
 j - a potion of curing {unknown}
 m - a potion of mutation {unknown}
 n - a potion of berserk rage {unknown}
 o - a potion of haste {unknown}
Comestibles
 b - 2 meat rations
 p - a slice of pizza


   Skills:
 + Level 3.6 Fighting
 * Level 3.1 Dodging
 * Level 2.7 Stealth
 * Level 5.1 Unarmed Combat


You had 2 spell levels left.
You didn't know any spells.

Dungeon Overview and Level Annotations

Branches:
Dungeon (2/15)

Altars:


Innate Abilities, Weirdness & Mutations

Your body is rotting away.
You thrive on raw meat.
You are immune to poison.
You have sharp fingernails.
You are carnivorous and can eat meat at any time.
Your flesh is cold resistant. (rC+)
You are immune to negative energy. (rN+++)
You regenerate slowly when monsters are visible.
You are immune to unholy pain and torment.
You can survive without breathing.


Message History

The gnoll misses you. The adder barely misses you.
You continue eating.
The adder bites you.
The gnoll hits you from afar with a spear!
* * * LOW HITPOINT WARNING * * *
It was a potion of degeneration.
There was something very wrong with that liquid.
You feel weakened.
You feel dopey.
You feel clumsy. The adder bites you but does no damage.
The gnoll completely misses you. The gnoll closely misses you.
The adder barely misses you.
It was a potion of brilliance.
You feel clever all of a sudden.
The gnoll shouts! x2
The gnoll closely misses you. The adder closely misses you.
The gnoll closely misses you.
Okay, then.
Eat which item? (? for menu, Esc to quit)
The adder misses you.
The gnoll hits you from afar with a spear!
You die...

#..#####.##........ #
#.......#.......##
#.#....%......÷...#
#.#...).(##.......#
####.#.....####...†#.#
#...g...#.#.#......#.#
#.bgg..........##.#
###g##.........##.#
#@##.........##.#
......S.###..#.....#
.# ##.######
#.#####.## .## #.# #.#
. #.# #.# # #. #.# #.#
#.# ##########


You could see 4 gnolls, an adder and a bat.

Vanquished Creatures
  A gnoll (D:2)
  A giant gecko (D:2)
  2 ball pythons (D:2)
  4 bats
  5 giant cockroaches
  4 goblins
  3 hobgoblins
  2 jackals (D:2)
  2 giant newts (D:2)
  5 kobolds
  11 rats
40 creatures vanquished.

Notes
Turn   | Place    | Note
--------------------------------------------------------------
     0 | D:1      | pennpaper the Ghoul Monk began the quest for the Orb.
     0 | D:1      | Reached XP level 1. HP: 19/19 MP: 0/0
   188 | D:1      | Reached XP level 2. HP: 26/26 MP: 1/1
   280 | D:1      | Reached skill level 5 in Unarmed Combat
   701 | D:2      | Reached XP level 3. HP: 31/31 MP: 2/2
  1096 | D:2      | Mangled by a gnoll

Vault maps used:
D:1:      eino_arrival_druids_welcome
D:2:      kennysheep_big_flooded_room, first_bread, cheibrodos_gnoll_hut

Skill      XL: |  1  2  3 |
---------------+----------+-----
Unarmed Combat | 5 |  5.1
Dodging        | 3 |  3.1
Fighting       | |  3.6
Stealth        | |  2.7

Action                   || total
-------------------------++-------
Melee: Unarmed           ||    80
  Use: Potion            ||     2
 Stab: Sleeping          ||     6
  Eat: Chunk             ||     4
       Meat ration       ||     1
Armor: Robe              ||    12
Dodge: Dodged            ||    64
